 Dungeon Crawl Stone Soup version 0.29-a0-1043-g569b05d6ff (webtiles) character file.

Game seed: 72529101241973847

20473 testman the Spear-Bearer (level 12, -37/98 HPs)
             Began as a Merfolk Ice Elementalist on Aug 15, 2022.
             Was a High Priest of Okawaru.
             Annihilated by a titanic slime creature (77 damage)
             ... on level 13 of the Dungeon.
             The game lasted 01:34:29 (19422 turns).

testman the Spear-Bearer (MfIE)                    Turns: 19422, Time: 01:34:30

Health: -37/98     AC: 16    Str: 15    XL:     12   Next: 79%
Magic:  18/19      EV: 14    Int: 19    God:    Okawaru [*****.]
Gold:   842        SH:  5    Dex: 15    Spells: 6/17 levels left

rFire   + . .      SeeInvis .   E - +3 trident (freeze)
rCold   . . .      Faith    .   u - +0 buckler
rNeg    + . .      Spirit   .   K - +1 leather armour {Will+}
rPois   .          Reflect  .   d - +1 helmet
rElec   .          Harm     .   W - scarf {shadows}
rCorr   .          Rampage  .   P - +2 pair of gloves {Str+3}
Will    +....                   p - +1 pair of boots of Intense Liberty {Str+4}
Stlth   ++........              w - amulet of magic regeneration
HPRegen 0.26/turn               x - ring of positive energy
MPRegen 0.56/turn               Y - ring of protection from fire

@: ice-armoured, freezing walls, studying Hexes
A: (nimble swimmer 2), mertail
a: Renounce Religion, Heroism, Finesse, Duel


You were on level 13 of the Dungeon.
You worshipped Okawaru.
Okawaru was extremely pleased with you.
You visited 2 branches of the dungeon, and saw 14 of its levels.
You also visited: Ossuary and Bailey.

You collected 1332 gold pieces.
You spent 490 gold pieces at shops.

Inventory:

Hand Weapons
 E - a +3 trident of freezing (weapon)
Missiles
 c - a curare-tipped dart
 k - 41 poisoned darts
 t - 4 javelins
 z - 34 boomerangs
 S - 2 boomerangs of dispersal
 V - 4 throwing nets
Armour
 d - a +1 helmet (worn)
 p - the +1 pair of boots of Intense Liberty (worn) {Str+4}
   (You acquired it on level 7 of the Dungeon)

   Str:       It affects your strength (+4).
 u - a +0 buckler (worn)
 K - a +1 leather armour of willpower (worn)
 P - a +2 pair of gloves of strength (worn)
 W - a scarf of shadows (worn)
Jewellery
 w - an amulet of magic regeneration (around neck)
 x - a ring of positive energy (left hand)
 C - a ring of flight
 Y - a ring of protection from fire (right hand)
Wands
 y - a wand of flame (25)
 D - a wand of roots (9)
 L - a wand of light (22)
 U - a wand of digging (8)
Scrolls
 b - a scroll of summoning {unknown}
 g - 2 scrolls of vulnerability
 h - 3 scrolls of fog
 j - 8 scrolls of teleportation
 m - 2 scrolls of fear
 n - 2 scrolls of brand weapon
 q - 3 scrolls of silence
 J - 2 scrolls of enchant weapon
 N - a scroll of amnesia {unknown}
 O - a scroll of blinking
 Q - a scroll of magic mapping
 X - a scroll of immolation {unknown}
Potions
 a - 3 potions of cancellation
 f - 3 potions of brilliance
 i - 12 potions of curing
 o - a potion of haste
 r - 4 potions of flight
 s - 3 potions of ambrosia
 A - a potion of resistance
 I - a potion of mutation
 M - 2 potions of invisibility
 T - a potion of might {unknown}
Miscellaneous
 F - a piece from Xom's chessboard (15/15)


   Skills:
 + Level 10.5 Fighting
 + Level 12.8 Polearms
 + Level 7.2 Dodging
 - Level 2.1 Stealth
 + Level 4.5 Shields
 - Level 3.0 Spellcasting
 - Level 7.0 Conjurations
 - Level 9.0 Ice Magic
 + Level 9.4 Invocations


You had 6 spell levels left.
You knew the following spells:

 Your Spells              Type           Power      Damage    Failure   Level
a - Freeze                Ice            100%       1d11      1%          1
b - Frozen Ramparts       Ice            74%        1d12      1%          3
c - Ozocubu's Armour      Ice            37%        N/A       1%          3
d - Hailstorm             Conj/Ice       33%        3d8       9%          4

Your spell library contained the following spells:

 Spells                   Type           Power      Damage    Failure   Level
 Magic Dart               Conj           100%       1d8       1%          1
 Conjure Flame            Conj/Fire      16%        6-21      17%         3
 Slow                     Hex            8%         N/A       24%         1
 Mephitic Cloud           Conj/Pois/Air  11%        N/A       28%         3
 Sublimation of Blood     Necr           2%         N/A       36%         2
 Wereblood                Tmut           2%         N/A       36%         2
 Sticky Flame             Conj/Fire      16%        2d4       50%         4
 Confusing Touch          Hex            2%         N/A       58%         3
 Ignite Poison            Fire/Tmut/Pois 2%         N/A       58%         3
 Vampiric Draining        Necr           2%         2d6       58%         3
 Call Imp                 Summ           Unusable   N/A       N/A         2
 Summon Hydra             Summ           Unusable   N/A       N/A         7

Dungeon Overview and Level Annotations

Branches:
Dungeon (13/15)            Temple (1/1) D:4            Lair (0/5) D:10
    Orc (0/2) D:12        Ossuary (visited)          Bailey (visited)
 Vaults: D:13-14

Altars:
Ashenzari
Cheibriados
Dithmenos
Elyvilon
Fedhas
Gozag
Hepliaklqana
Kikubaaqudgha
Makhleb
Nemelex Xobeh
Okawaru
Qazlal
Ru
Sif Muna
Trog
Uskayaw
Vehumet
Wu Jian
Xom
Yredelemnul
Zin
The Shining One
Lugonu

Shops:
D:1 (   D:4 *


Innate Abilities, Weirdness & Mutations

((You are very nimble when in or above water. (Stealth+, EV+, Speed+++)))
Your lower body shifts to a powerful aquatic tail in water.


Message History

The wall freezes the slime creature.
Two slime creatures merge to form a titanic slime creature.
You hit the titanic slime creature. You freeze the titanic slime creature.
The titanic slime creature is heavily wounded.
You puncture the titanic slime creature!
You freeze the titanic slime creature.
The titanic slime creature is heavily wounded.
You puncture the titanic slime creature!
You freeze the titanic slime creature.
The titanic slime creature is heavily wounded.
The frozen ramparts melt away.
The titanic slime creature barely misses you.
Casting: Freeze (safe; 1% risk of failure)
Confirm with . or Enter, or press ? or * to list all spells.
Casting: Frozen Ramparts (safe; 1% risk of failure)
Press: ? - help, Dir - look around, f - activate The walls around you are covered in ice.
The wall freezes the titanic slime creature!
The titanic slime creature misses you.
You hit the titanic slime creature. You freeze the titanic slime creature.
The titanic slime creature is severely wounded.
The wall freezes the titanic slime creature.
The titanic slime creature misses you.
You barely miss the titanic slime creature.
The titanic slime creature is severely wounded.
The wall freezes the titanic slime creature.
The titanic slime creature barely misses you.
You hit the titanic slime creature. You freeze the titanic slime creature.
The titanic slime creature is severely wounded.
You puncture the titanic slime creature!
You freeze the titanic slime creature.
The titanic slime creature is severely wounded.
The wall freezes the titanic slime creature!
The titanic slime creature misses you.
You hit the titanic slime creature. You freeze the titanic slime creature.
The titanic slime creature is severely wounded.
The wall freezes the titanic slime creature.
The titanic slime creature hits you!!!!
Ouch! That really hurt!
You die...

###.....##+#
...#.....#... ##+#####
....#.....#...
#......##.....#.....#...
#......@J.....+.....+...
#......##.....#.....##'#
#......##.....#.........
#......##.....#.........
#......##.....#.=.......
#.............#.........
#.............#.........
#.............#.[...#+##
#...................#


You could see a titanic slime creature.

Vanquished Creatures
  Harold (D:11)
  A hydra (D:8)
  Josephine (D:11)
  A boulder beetle (D:11)
  3 two-headed ogres
  The ghost of porpoise the Cleaver, a novice FoGl of Dithmenos (D:8)
  3 death yaks (D:10)
  Amaemon (D:10)
  Pikel (D:5)
  3 cyclopes
  An orange demon (D:11)
  Joseph (D:7)
  Psyche (D:8)
  2 unseen horrors
  2 trolls
  2 hornets
  A slime creature (D:12)
  Prince Ribbit (D:8)
  A wyvern (D:8)
  3 wraiths (D:11)
  A water elemental (D:12)
  8 yaks
  4 vampire mosquitoes
  2 steam dragons
  3 acid dragons
  3 water moccasins
  9 orc warriors
  A black bear (D:7)
  5 ogres
  A sky beast (D:7)
  6 centaurs
  4 bullfrogs
  3 kobold brigands
  2 necrophages (D:4)
  2 gnoll sergeants
  2 water moccasin zombies (Ossuary)
  4 scorpions
  10 wights
  12 killer bees
  3 howler monkeys
  A bullfrog zombie (Ossuary)
  3 centaur zombies (Ossuary)
  11 orc priests
  A gnoll bouda (D:9)
  3 hounds (D:4)
  3 jellies
  5 iguanas
  23 orc wizards
  3 ogre zombies (Ossuary)
  14 gnolls
  7 adders
  2 ufetubi
  An adder zombie (Ossuary)
  3 worms
  5 dart slugs
  73 orcs
  4 endoplasms
  11 goblins
  9 hobgoblins
  10 jackals
  54 kobolds
  5 quokkas
  12 ball pythons
  7 bats
  4 frilled lizards
  2 gnoll zombies (Ossuary)
  5 goblin zombies
  2 hobgoblin zombies (Ossuary)
  An orc zombie (Ossuary)
  3 rats
403 creatures vanquished.

Vanquished Creatures (others)
  4 fungi (D:12)
  46 plants
50 creatures vanquished.

Grand Total: 453 creatures vanquished

Notes
Turn   | Place    | Note
-------+----------+-------------------------------------------
     0 | D:1      | testman the Merfolk Ice Elementalist began the quest for
                  | the Orb.
     0 | D:1      | Reached XP level 1. HP: 13/13 MP: 3/3
   338 | D:1      | Reached XP level 2. HP: 19/19 MP: 1/5
   737 | D:1      | Reached XP level 3. HP: 24/24 MP: 6/6
   741 | D:1      | Learned a level 3 spell: Frozen Ramparts
   761 | D:1      | Reached skill level 5 in Ice Magic
   849 | D:1      | Found a faded altar of an unknown god.
  1013 | D:1      | Found Todag's Weapon Shop.
  1359 | D:2      | Reached XP level 4. HP: 30/30 MP: 8/8
  1641 | D:2      | Found a glowing silver altar of Zin.
  1845 | D:3      | Reached skill level 1 in Polearms
  1906 | D:3      | Reached skill level 1 in Fighting
  2318 | D:3      | Found a sparkling altar of Nemelex Xobeh.
  2360 | D:3      | Reached XP level 5. HP: 37/37 MP: 7/9
  2364 | D:3      | Learned a level 3 spell: Ozocubu's Armour
  2400 | D:3      | Reached skill level 2 in Polearms
  3058 | D:4      | Found Voreijaj's General Store.
  3068 | D:4      | Bought a potion of curing for 42 gold pieces
  3068 | D:4      | Bought a scroll of teleportation for 42 gold pieces
  3116 | D:4      | Noticed an ogre
  3252 | D:4      | Reached skill level 3 in Polearms
  3252 | D:4      | Reached skill level 1 in Shields
  3252 | D:4      | Reached XP level 6. HP: 29/45 MP: 4/10
  3315 | D:4      | Found a burning altar of Makhleb.
  3332 | D:4      | Found a sand-covered staircase.
  3342 | Ossuary  | Entered an ossuary
  3936 | Ossuary  | Reached XP level 7. HP: 43/52 MP: 11/11
  4040 | Ossuary  | Reached skill level 4 in Polearms
  4091 | Ossuary  | Noticed a silent spectre
  4461 | D:4      | Found an ornate altar of the Wu Jian Council.
  4468 | D:4      | Found a radiant altar of Vehumet.
  4544 | D:4      | Reached skill level 5 in Polearms
  4544 | D:4      | Reached XP level 8. HP: 4/60 MP: 10/12
  5028 | D:4      | Learned a level 4 spell: Hailstorm
  5121 | D:4      | Found an ancient bone altar of Kikubaaqudgha.
  5248 | D:4      | Found a staircase to the Ecumenical Temple.
  5257 | Temple   | Entered the Ecumenical Temple
  5294 | Temple   | Became a worshipper of Warmaster Okawaru
  5607 | D:5      | Entered Level 5 of the Dungeon
  5805 | D:5      | Noticed Pikel
  6002 | D:5      | Reached skill level 1 in Conjurations
  6002 | D:5      | Reached skill level 1 in Invocations
  6047 | D:5      | Killed Pikel
  6047 | D:5      | Reached * piety under Okawaru
  6048 | D:5      | Reached skill level 5 in Fighting
  6048 | D:5      | Reached skill level 7 in Polearms
  6048 | D:5      | Reached XP level 9. HP: 49/68 MP: 6/13
  6301 | D:5      | Found a sacrificial altar of Ru.
  6397 | D:5      | Found a snail-covered altar of Cheibriados.
  6507 | D:5      | Found a stormy altar of Qazlal.
  6538 | D:5      | Identified the +5 hand axe of Excruciating Pain {flame,
                  | Str+7}
  8439 | D:7      | Noticed Joseph
  8452 | D:7      | Killed Joseph
  8452 | D:7      | Reached ** piety under Okawaru
  8453 | D:7      | Reached skill level 8 in Polearms
  8592 | D:7      | Killed an unseen horror
  8602 | D:7      | Reached *** piety under Okawaru
  8603 | D:7      | Reached XP level 10. HP: 50/77 MP: 9/14
  9238 | D:7      | Reached skill level 5 in Invocations
  9389 | D:7      | Found a hide-covered altar of Uskayaw.
  9446 | D:7      | Reached skill level 9 in Polearms
  9559 | D:7      | Identified a scroll of acquirement
  9561 | D:7      | Acquired the +1 pair of boots of Intense Liberty {Str+4}
 10365 | D:8      | Found a runed translucent door.
 10368 | D:8      | Noticed porpoise's ghost (novice FoGl)
 10392 | D:8      | Reached **** piety under Okawaru
 10416 | D:8      | Noticed Prince Ribbit
 10430 | D:8      | Killed Prince Ribbit
 10485 | D:8      | Noticed a seven-headed hydra
 10493 | D:8      | Killed a seven-headed hydra
 11015 | D:8      | Noticed Psyche
 11027 | D:8      | Killed Psyche
 11039 | D:8      | Found a large runed translucent door.
 11105 | D:8      | Found a large runed translucent door.
 11256 | D:8      | Reached skill level 10 in Polearms
 11260 | D:8      | Found a glowing silver altar of Zin.
 11420 | D:8      | Reached ***** piety under Okawaru
 11421 | D:8      | Reached skill level 5 in Conjurations
 11422 | D:8      | Reached XP level 11. HP: 86/86 MP: 12/15
 11619 | D:8      | Found a shadowy altar of Dithmenos.
 11633 | D:8      | Found a basalt altar of Yredelemnul.
 11693 | D:8      | Killed porpoise's ghost
 11796 | D:4      | Bought a scroll of blinking for 105 gold pieces
 11796 | D:4      | Bought a +2 pair of gloves of strength for 301 gold pieces
 12014 | D:9      | Found a flagged portal.
 12042 | D:9      | Paralysed by a hornet for 1 turns
 12374 | Bailey   | Entered a bailey
 13471 | D:9      | Reached skill level 11 in Polearms
 13854 | D:10     | Entered Level 10 of the Dungeon
 14128 | D:10     | Noticed a death yak
 14154 | D:10     | Killed a death yak
 14317 | D:10     | Noticed a death yak
 14326 | D:10     | Noticed a death yak
 14332 | D:10     | Killed a death yak
 14332 | D:10     | Reached ****** piety under Okawaru
 14332 | D:10     | Received a gift from Okawaru
 14347 | D:10     | Killed a death yak
 14678 | D:10     | Found a staircase to the Lair.
 14843 | D:10     | Noticed a two-headed ogre
 14852 | D:10     | Killed a two-headed ogre
 14853 | D:10     | Reached XP level 12. HP: 29/96 MP: 13/18
 15373 | D:10     | Found a broken altar of Ashenzari.
 15837 | D:10     | Found a bloodstained altar of Trog.
 15844 | D:10     | Reached skill level 5 in Dodging
 16105 | D:11     | Noticed Amaemon
 16105 | D:11     | Found a hide-covered altar of Uskayaw.
 16130 | D:10     | Killed Amaemon
 16131 | D:10     | Reached skill level 12 in Polearms
 16455 | D:11     | Received a gift from Okawaru
 16455 | D:11     | Found the +2 cloak of the Thief {*Fog Slay-2 SInv Stlth+}
 16535 | D:11     | Noticed Josephine
 16693 | D:11     | Killed Josephine
 16710 | D:11     | Reached skill level 10 in Fighting
 16841 | D:11     | Noticed a boulder beetle
 16872 | D:11     | Killed a boulder beetle
 17517 | D:11     | Noticed a two-headed ogre
 17536 | D:11     | Killed a two-headed ogre
 17725 | D:11     | Noticed Harold
 17754 | D:11     | Killed Harold
 17906 | D:12     | Found a blossoming altar of Fedhas.
 18313 | D:12     | Noticed a two-headed ogre
 18331 | D:12     | Killed a two-headed ogre
 19013 | D:12     | Found a staircase to the Orcish Mines.
 19422 | D:13     | Annihilated by a titanic slime creature

Illustrated notes

Levels and vault maps discovered:
D:1:      amcnicky_arrival_wind_blow, layout_rooms, serial_shops,
          nicolae_shop_bloodbath_and_beyond, dreamdust_ecumenical_altar_statues,
          serial_bayou_pond_e
D:2:      layout_basic, basic_altar
D:3:      layout_loops_ring, general_overflow_altar
D:4:      layout_basic, mainiacjoe_overflow_tiny_flanked,
          kiku_gazebo_garden_becter, vehumet_altar_wand_db,
          nicolae_wu_jian_wuxing_cycle, minmay_temple_entry_nine_rooms,
          enter_ossuary_4, serial_shops, nicolae_shop_stone,
          serial_bayou_pond_b, minmay_misc_feat_columns,
          minmay_tree_intersection
D:5:      layout_cave_pools, mainiacjoe_overflow_paths,
          mainiacjoe_overflow_six_doors_small, nicolae_qazlal_general_emergency,
          minmay_misc_feat_square, lightli_corner_chamber, uniq_pikel
D:6:      layout_gridville, grunt_ministairs_14, hellmonk_bongcloud_opening
D:7:      kennysheep_kobold_camp, layout_rooms, marbit_many_paths,
          minmay_manual_maat, uniq_joseph
D:8:      layout_loops_corners, mainiacjoe_overflow_small_starburst,
          jmf_multi_god_temple2, ebering_ghost_reflecting_pool,
          uniq_prince_ribbit1, uniq_psyche
D:9:      layout_irregular_city, enter_bailey_5
D:10:     layout_layer_cave, trog_butcher_becter, old_standard_altar,
          dpeg_lair_monsters
D:11:     layout_irregular_city, nicolae_uskayaw_dance_hall, uniq_amaemon,
          uniq_josephine, uniq_harold
D:12:     layout_grid_maze, orc_0_dummy, chequers_serial_rivers_small_b,
          minmay_misc_feat_rows, serial_bayou_pond_b, fedhas_altar_3
D:13:     layout_gridville
Temple:   corrupted_temple

Skill      XL: |  1  2  3  4  5  6  7  8  9 10 11 12 |
---------------+-------------------------------------+-----
Ice Magic      | 5 6 7 8 9 |  9.0
Spellcasting   | 3 |  3.0
Polearms       | 1 3 5 7 8 10 11 12 | 12.8
Fighting       | 1 2 3 4 5 6 8 9 10 | 10.5
Shields        | 1 2 3 4 |  4.5
Conjurations   | 1 3 5 6 7 |  7.0
Invocations    | 2 4 6 8 9 |  9.4
Dodging        | 3 4 7 |  7.2
Stealth        | |  2.1

Action                   |  1- 3 |  4- 6 |  7- 9 | 10-12 || total
-------------------------+-------+-------+-------+-------++-------
Melee: Dagger            |    43 |       |       |       ||    43
       Spear             |     2 |   265 |   207 |       ||   474
       Trident           |       |       |    78 |   636 ||   714
       Tailslap          |       |       |       |     3 ||     3
Throw: Boomerang         |       |       |     1 |     4 ||     5
       Dart              |       |       |       |    13 ||    13
 Cast: Freeze            |    32 |    13 |    36 |    28 ||   109
       Frozen Ramparts   |     2 |    17 |    28 |    86 ||   133
       Ozocubu's Armour  |       |       |    12 |    36 ||    48
       Hailstorm         |       |       |       |     9 ||     9
Invok: Heroism           |       |       |       |     1 ||     1
Evoke: Wand              |       |       |     1 |       ||     1
  Use: Potion            |     1 |     3 |       |     5 ||     9
       Scroll            |       |    10 |     5 |    10 ||    25
 Stab: Sleeping          |     2 |     7 |     4 |     2 ||    15
       Distracted        |     2 |       |       |     1 ||     3
Armor: Robe              |    16 |    89 |    85 |       ||   190
       Leather armour    |       |       |    23 |   159 ||   182
Dodge: Dodged            |    43 |   154 |   133 |   216 ||   546
Block: Buckler           |       |    28 |    63 |    81 ||   172

Table legend: (Time is in decaauts)
 A = Elapsed time spent in this place.
 B = Non-inter-level travel time spent in this place.
 C = Inter-level travel time spent in this place.
 D = Time resting spent in this place.
 E = Time spent auto-exploring this place.
 F = Levels seen in this place.
 G = Mean time per level.
                   A        B        C        D        E       F      G
               +--------+--------+--------+--------+--------+-----+--------+
         Total |  19262 |  18373 |    889 |   3593 |  11329 |  16 | 1203.9 |
       Dungeon |  17803 |  16937 |    866 |   3005 |  11008 |  13 | 1369.5 |
        Temple |     53 |     30 |     23 |      0 |     22 |   1 |   53.0 |
       Ossuary |   1043 |   1043 |      0 |    463 |    277 |   1 | 1043.0 |
        Bailey |    362 |    362 |      0 |    125 |     22 |   1 |  362.0 |
               +--------+--------+--------+--------+--------+-----+--------+

Top non-repeatable levels by time:
    D:10: 2551 daAuts
     D:7: 1939 daAuts
     D:4: 1702 daAuts
    D:12: 1498 daAuts
     D:8: 1463 daAuts
     D:9: 1449 daAuts
     D:3: 1368 daAuts
    D:11: 1359 daAuts
     D:5: 1327 daAuts
     D:6: 1210 daAuts
     D:1: 1150 daAuts
 Ossuary: 1043 daAuts
     D:2: 690 daAuts
  Bailey: 362 daAuts
    D:13: 92 daAuts
